 Dungeon Crawl Stone Soup version 0.20.1-1-g8b1a95d (webtiles) character file.

550 dohliylev the Covert (level 7, -4/46 HPs)
             Began as a Vampire Enchanter on July 15, 2017.
             Slain by an iguana (11 damage)
             ... on level 4 of the Dungeon.
             The game lasted 00:13:58 (4857 turns).

dohliylev the Covert (Vampire Enchanter)            Turns: 4857, Time: 00:13:59

Health: -4/46      AC:  0    Str:  7    XL:     7   Next: 7%
Magic:  0/10       EV: 20    Int: 20    God:
Gold:   151        SH:  0    Dex: 19    Spells: 1/10 levels left

rFire    . . .     SeeInvis +   (weapon currently unavailable)
rCold    + . .     Gourm    .   (shield currently unavailable)
rNeg     + + .     Faith    .   (armour currently unavailable)
rPois    +         Spirit   .   (helmet currently unavailable)
rElec    .         Reflect  .   (cloak currently unavailable)
rCorr    .         Harm     .   (gloves currently unavailable)
MR       .....                  (boots currently unavailable)
Stlth    ++++++....             (no amulet)
Regen    0.1/turn               (ring currently unavailable)
MPRegen  0.2/turn               (ring currently unavailable)

@: bat-form, flying, regenerating slowly, very quick
A: fangs 3, see invisible
a: End Transformation


You were on level 4 of the Dungeon.
You were near bloodless.
You were in vampire-bat-form.
You visited 1 branch of the dungeon, and saw 4 of its levels.

You collected 151 gold pieces.

Inventory:

Hand Weapons
 a - a +1 dagger (melded)
Armour
 o - a cursed +0 robe (melded)
Jewellery
 r - a cursed ring of teleportation {unknown}
Wands
 b - a wand of digging (9/24)
 s - a wand of random effects (17/48)
 y - a wand of polymorph (18/24)
Scrolls
 f - 2 scrolls of teleportation {unknown}
 g - 2 scrolls of identify {unknown}
 h - 2 scrolls of magic mapping {unknown}
 i - 2 scrolls of enchant weapon {unknown}
 l - a scroll of fog {unknown}
 p - a scroll of blinking {unknown}
 q - 3 scrolls of remove curse {unknown}
 x - a scroll of random uselessness {unknown}
Potions
 d - 7 potions of blood
 e - a potion of resistance {unknown}
 j - 2 potions of agility {unknown}
 k - a potion of lignification {unknown}
 m - a potion of ambrosia {unknown}
 n - a potion of curing {unknown}
 t - 2 potions of might {unknown}
 u - a potion of mutation {unknown}
 v - 2 potions of heal wounds {unknown}
 w - a potion of flight {unknown}
Books
 c - a book of Maledictions

   Spells                             Type                      Level
   a - Corona                         Hexes                        1
   b - Ensorcelled Hibernation        Hexes/Ice                    2
   c - Confuse                        Hexes                        3
   d - Tukima's Dance                 Hexes                        3
   e - Dazzling Spray                 Conjuration/Hexes            3


   Skills:
 + Level 4.1 Short Blades
 - Level 2.1 Dodging
 - Level 9.1 Stealth
 - Level 2.0 Spellcasting
 + Level 7.3 Hexes


You had one spell level left.
You knew the following spells:

 Your Spells              Type           Power        Failure   Level  Hunger
a - Corona                Hex            ####...      1%          1    #......
b - Ensorcelled Hibernat  Hex/Ice        ###...       5%          2    ##.....
c - Confuse               Hex            ####....     2%          3    ###....
d - Dazzling Spray        Conj/Hex       ###...       11%         3    ###....


Dungeon Overview and Level Annotations

Branches:
Dungeon (4/15)
 Temple: D:4-7

Altars:
Ashenzari
Elyvilon
Hepliaklqana
Qazlal
Sif Muna
Zin
The Shining One


Innate Abilities, Weirdness & Mutations

You heal slowly.
You have razor-sharp teeth.
You have supernaturally acute eyesight. (SInv)
((You can survive without breathing.))


Message History

Press: ? - help, Shift-Dir - straight line, f - iguana
Aim: an iguana (chance to defeat MR: 55%)
The iguana resists with significant effort.
The iguana bites you!
* * * LOW HITPOINT WARNING * * *
Casting: Ensorcelled Hibernation
Confirm with . or Enter, or press ? or * to list all spells.
Aiming: Ensorcelled Hibernation
Press: ? - help, Shift-Dir - straight line, f/p - iguana
Aim: an iguana (chance to defeat MR: 55%)
The iguana resists with significant effort.
The iguana closely misses you. The iguana bites you.
* * * LOW HITPOINT WARNING * * *
There is an open door here.
There is an open door here.
You turn into a vampire bat.
Your +1 dagger melds into your body.
Your cursed +0 robe melds into your body.
The iguana bites you!
You die...

##...........................##'#
.#...........................#...
.#...........................#...
.#...........................#...
.#...........................####
.#......########........#######..
.#......#......#........'.....'..
.#......#......#l.......#.....#..
##......#......'b.......#.....#..
........#....###........#.....#..
........#....#.....######...###..
........#....#....(# #...#....
........#....#.....# #....#....
........#....#.....# #....#....
........#..........# #....#....
.............%.....#
..##'###.####.####.#


You could see an iguana.

Vanquished Creatures
  Edmund (D:4)
  The ghost of Oddysee the Sneak, an amateur SpAs (D:4)
  A centaur (D:3)
  A hound (D:3)
  An orc priest (D:3)
  An orc wizard (D:3)
  A worker ant (D:4)
  6 adders
  4 worms
  A dart slug (D:1)
  4 leopard geckos
  12 orcs (D:3)
  A ball python (D:3)
  5 bats
  4 giant cockroaches
  7 goblins
  4 hobgoblins
  8 kobolds
  8 frilled lizards
  A jackal skeleton (D:4)
  3 rats
75 creatures vanquished.

Vanquished Creatures (others)
  A kobold (D:2)
1 creature vanquished.

Grand Total: 76 creatures vanquished

Notes
Turn   | Place    | Note
-------+----------+-------------------------------------------
     0 | D:1      | dohliylev the Vampire Enchanter began the quest for the Orb.
     0 | D:1      | Reached XP level 1. HP: 13/13 MP: 3/3
    68 | D:1      | Reached skill level 5 in Stealth
   146 | D:1      | Reached XP level 2. HP: 15/19 MP: 1/5
   152 | D:1      | Learned a level 2 spell: Ensorcelled Hibernation
   767 | D:1      | Reached XP level 3. HP: 16/24 MP: 1/6
   973 | D:1      | Reached skill level 5 in Hexes
  1581 | D:2      | Found a shattered altar of Ashenzari.
  2276 | D:2      | Reached XP level 4. HP: 30/30 MP: 1/7
  2566 | D:2      | Reached skill level 6 in Stealth
  2584 | D:3      | Found a glowing silver altar of Zin.
  2584 | D:3      | Found a glowing golden altar of the Shining One.
  2585 | D:3      | Found a white marble altar of Elyvilon.
  3305 | D:3      | Reached XP level 5. HP: 34/35 MP: 5/8
  3329 | D:3      | Reached skill level 7 in Stealth
  3467 | D:3      | Found a stormy altar of Qazlal.
  3469 | D:3      | Found a deep blue altar of Sif Muna.
  3876 | D:3      | Noticed a centaur
  3881 | D:3      | Killed a centaur
  3881 | D:3      | Reached XP level 6. HP: 37/41 MP: 4/9
  4443 | D:4      | Noticed Oddysee's ghost (amateur SpAs)
  4589 | D:4      | Learned a level 3 spell: Confuse
  4593 | D:4      | Learned a level 3 spell: Dazzling Spray
  4611 | D:4      | Noticed Edmund
  4621 | D:4      | Killed Edmund
  4621 | D:4      | Reached skill level 8 in Stealth
  4744 | D:4      | Found a hazy altar of Hepliaklqana.
  4812 | D:4      | Killed Oddysee's ghost
  4812 | D:4      | Reached skill level 9 in Stealth
  4812 | D:4      | Reached XP level 7. HP: 43/46 MP: 1/10
  4857 | D:4      | Slain by an iguana

Skill      XL: |  1  2  3  4  5  6 |
---------------+-------------------+-----
Stealth        | 5 6 7 9 |  9.1
Short Blades   | 2 3 4 |  4.1
Hexes          | 5 6 7 |  7.3
Dodging        | |  2.1
Spellcasting   | |  2.0

Action                   |  1- 3 |  4- 6 |  7- 9 || total
-------------------------+-------+-------+-------++-------
Melee: Dagger            |    62 |    97 |     6 ||   165
       Bite              |     4 |     3 |     1 ||     8
 Cast: Corona            |     6 |       |       ||     6
       Ensorcelled Hiber |    31 |    33 |     2 ||    66
       Confuse           |       |     4 |       ||     4
 Abil: Bat Form          |       |     2 |     1 ||     3
       End Transformatio |       |     2 |       ||     2
  Use: Potion            |     2 |     3 |       ||     5
 Stab: Sleeping          |    27 |    26 |       ||    53
       Confused          |       |     3 |       ||     3
  Eat: Corpse            |       |     4 |       ||     4
Armor: Robe              |    11 |     7 |       ||    18
Dodge: Dodged            |    39 |    38 |     2 ||    79
